 Dungeon Crawl Stone Soup version 0.22.0-60-ga52c2fc (webtiles) character file.

118 inc the Firebug (level 5, -1/31 HPs)
             Began as an Octopode Fire Elementalist on Sept 10, 2018.
             Slain by an orc
             ... wielding a +0 club
              (5 damage)
             ... on level 3 of the Dungeon.
             The game lasted 00:03:00 (2129 turns).

inc the Firebug (Octopode Fire Elementalist)        Turns: 2129, Time: 00:03:01

Health: -1/31      AC:  1    Str:  7    XL:     5   Next: 2%
Magic:  1/9        EV: 13    Int: 18    God:
Gold:   128        SH:  0    Dex: 13    Spells: 8/9 levels left

rFire    . . .     SeeInvis .   k - -1 short sword (curse)
rCold    . . .     Gourm    .   (no shield)
rNeg     . . .     Faith    .   (helmet restricted)
rPois    .         Spirit   .   (no amulet)
rElec    .         Reflect  .   (no ring)
rCorr    .         Harm     .   (no ring)
MR       .....                  (no ring)
Stlth    +++.......             (no ring)
HPRegen  0.10/turn              (no ring)
MPRegen  0.11/turn              (no ring)
                                (no ring)
                                (no ring)

@: no status effects
A: almost no armour, stealthy swim, amphibious, 8 rings, constrict 8, camouflage
1, gelatinous body 1
a: no special abilities


You were on level 3 of the Dungeon.
You were not hungry.

You visited 1 branch of the dungeon, and saw 3 of its levels.

You collected 128 gold pieces.

Inventory:

Hand Weapons
 j - a +0 short sword
 k - a cursed -1 short sword (weapon)
Scrolls
 a - a scroll of amnesia {unknown}
 f - a scroll of enchant armour
 g - 2 scrolls of random uselessness
 h - a scroll of teleportation {unknown}
Potions
 c - 2 potions of might {unknown}
 e - a potion of agility {unknown}
 i - a potion of mutation {unknown}
Comestibles
 b - 5 rations
 d - 2 chunks of flesh


   Skills:
 + Level 0.3 Fighting
 + Level 0.3 Short Blades
 + Level 2.2 Dodging
 + Level 3.5 Stealth
 + Level 0.1 Unarmed Combat
 + Level 2.7 Spellcasting
 + Level 2.0 Conjurations
 + Level 4.1 Fire Magic


You had 8 spell levels left.
You knew the following spells:

 Your Spells              Type           Power        Failure   Level  Hunger
a - Flame Tongue          Conj/Fire      ##...        4%          1    #......

Your spell library contained the following spells:

 Spells                   Type           Power        Failure   Level  Hunger
 Throw Flame              Conj/Fire      ##....       7%          2    ##.....
 Conjure Flame            Conj/Fire      ##......     14%         3    ###....
 Inner Flame              Hex/Fire       #.......     22%         3    ###....
 Sticky Flame             Conj/Fire      ##......     43%         4    #####..
 Fireball                 Conj/Fire      ##........   78%         5    ######.


Dungeon Overview and Level Annotations

Branches:
Dungeon (3/15)

Altars:


Innate Abilities, Weirdness & Mutations

You cannot wear most types of armour.
You are very stealthy in the water. (Stealth+)
You are amphibious.
You can wear up to eight rings at the same time.
You can use your tentacles to constrict eight enemies at once.
Your skin changes colour to match your surroundings (Stealth+).
Your rubbery body absorbs attacks. (AC +1, EV +1)


Message History

You see here a club.
You see here an adder corpse.
An orc comes into view. It is wielding a trident.
A bat comes into view.
A jackal comes into view.
The bat moves out of view.
The jackal barks!
You hear a shout!
The orc hits you from afar with a trident.
* * * LOW HITPOINT WARNING * * *
An orc comes into view.
The bat hits you.
* * * LOW HITPOINT WARNING * * *
The bat hits you.
* * * LOW HITPOINT WARNING * * *
The bat barely misses you.
You closely miss the bat. You grab the bat. You constrict the bat.
The bat barely misses you.
The bat struggles to escape constriction.
The jackal misses you. The bat barely misses you. The orc closely misses you.
You release your grip on the bat.
The orc hits you with a club.
You die...

.........#..#
.........#.[.
........##.##. .......
............ .......
##.....#####?......
#.................. .#
#......##..........
...#.....b##.......#..
.........o@...†)......
...?.#.o.h#...........
.##....###...........
#.#..###........... ..
#....#...........
##.h..##††.........##
....## ##))÷.......#
#... #<.........# ....
##.........#


You could see 2 orcs, a jackal and a bat.

Vanquished Creatures
  2 adders
  4 gnolls
  2 worms (D:2)
  2 leopard geckos (D:2)
  6 giant cockroaches
  6 goblins
  4 hobgoblins
  6 jackals
  6 kobolds
  2 ball pythons (D:2)
  A ball python zombie (D:2)
  6 bats
  3 frilled lizards
  6 rats
56 creatures vanquished.

Notes
Turn   | Place    | Note
-------+----------+-------------------------------------------
     0 | D:1      | inc the Octopode Fire Elementalist began the quest for the
                  | Orb.
     0 | D:1      | Reached XP level 1. HP: 11/11 MP: 3/3
   200 | D:1      | Reached XP level 2. HP: 15/17 MP: 1/5
   833 | D:2      | Reached XP level 3. HP: 21/21 MP: 2/6
  1640 | D:3      | Reached XP level 4. HP: 27/27 MP: 5/7
  2014 | D:2      | Reached skill level 4 in Fire Magic
  2098 | D:3      | Reached XP level 5. HP: 8/31 MP: 0/9
  2129 | D:3      | Slain by an orc

Skill      XL: |  1  2  3  4 |
---------------+-------------+-----
Stealth        | 3 |  3.5
Fire Magic     | 4 |  4.1
Conjurations   | 2 |  2.0
Fighting       | |  0.3
Short Blades   | |  0.3
Dodging        | |  2.2
Unarmed Combat | |  0.1
Spellcasting   | |  2.7

Action                   |  1- 3 |  4- 6 || total
-------------------------+-------+-------++-------
Melee: Unarmed           |     7 |       ||     7
       Constrict         |     4 |     5 ||     9
       Short sword       |     2 |    12 ||    14
       Tentacles         |       |     2 ||     2
 Cast: Flame Tongue      |    55 |    25 ||    80
  Use: Scroll            |     4 |       ||     4
  Eat: Chunk             |     2 |     2 ||     4
Armor: Skin              |     1 |     3 ||     4
Dodge: Dodged            |    11 |    34 ||    45
